 Dungeon Crawl Stone Soup version 0.30-a0-352-g1e81539 (webtiles) character file.

Game seed: 17819581611413736912

20 Dorkslayer the Trooper (level 2, -11/21 HPs)
             Began as an Octopode Fighter on Nov 6, 2022.
             Mangled by Terence
             ... wielding a +3 flail of holy wrath
              (14 damage)
             ... on level 2 of the Dungeon.
             The game lasted 00:01:51 (892 turns).

Dorkslayer the Trooper (Octopode Fighter)            Turns: 892, Time: 00:01:52

Health: -11/21     AC:  1    Str: 15    XL:     2   Next: 79%
Magic:  2/2        EV: 13    Int: 10    God:
Gold:   92         SH:  4    Dex: 11    Spells: 1/1 levels left

rFire   . . .      SeeInvis .    a - +0 long sword
rCold   . . .      Faith    .    b - +0 buckler
rNeg    . . .      Spirit   .    (helmet restricted)
rPois   .          Reflect  .    (no amulet)
rElec   .          Harm     .    (no ring)
rCorr   .          Rampage  .    (no ring)
Will    .....                    (no ring)
Stlth   ++........               (no ring)
HPRegen 0.23/turn                (no ring)
MPRegen 0.08/turn                (no ring)
                                 (no ring)
                                 (no ring)

@: mighty, brilliant
A: almost no armour, amphibious, 8 rings, camouflage 1, gelatinous body 1,
(nimble swimmer 1), tentacles
a: no special abilities


You were on level 2 of the Dungeon.
You visited 1 branch of the dungeon, and saw 2 of its levels.

You collected 92 gold pieces.

Inventory:

Hand Weapons
 a - a +0 long sword (weapon)
Armour
 b - a +0 buckler (worn)
Scrolls
 h - a scroll of immolation {unknown}
 k - a scroll of torment {unknown}
 l - a scroll of fear {unknown}
Potions
 d - 2 potions of flight {unknown}
 e - a potion of mutation {unknown}
 f - 2 potions of brilliance
 g - 2 potions of heal wounds {unknown}
 i - a potion of lignification {unknown}
 j - 3 potions of attraction {unknown}


   Skills:
 + Level 3.4 Fighting
 + Level 2.1 Long Blades
 + Level 3.2 Dodging
 + Level 3.2 Shields


You had one spell level left.
You didn't know any spells.
Your spell library was empty.

Dungeon Overview and Level Annotations

Branches:
Dungeon (2/15)

Altars:

Annotations:
D:2 Terence


Innate Abilities, Weirdness & Mutations

You cannot wear most types of armour.
You are amphibious.
You can wear up to eight rings at the same time.
Your skin changes colour to match your surroundings (Stealth+).
Your rubbery body absorbs attacks. (AC +1, EV +1)
((You are camouflaged when in or above water. (Stealth+)))
You have tentacles for arms and can constrict up to eight enemies at once.


Message History

There is a stone staircase leading down here.
You climb downwards.
Found a robe.
There is a stone staircase leading up here.
You see here a +0 robe.
Found a stone staircase leading down.
j - 3 fizzy red potions (gained 1)
Found a club.
A frilled lizard comes into view.
There is a stone staircase leading down here.
You now have 92 gold pieces (gained 2).
There are no items here.
Found a scroll labelled PAN NIMMUOTHROERA.
Found a viscous coppery potion.
The frilled lizard hisses angrily.
You hit the frilled lizard.
You kill the frilled lizard!
You see here a frilled lizard corpse.
l - a scroll labelled PAN NIMMUOTHROERA
f - 3 viscous coppery potions (gained 1)
A rat comes into view.
Terence the Incautious comes into view.
He is wielding a +3 flail of holy wrath.
The rat barely misses you.
You closely miss the rat. Your grab misses the rat. You squeeze the rat.
You kill the rat!
Terence shouts!
You hit Terence. Your grab misses Terence. Your squeeze misses Terence.
Terence is lightly wounded.
Terence drinks a potion.
Terence flickers and vanishes!
Deactivating autopickup; reactivate with Ctrl-A.
Something hits you.
You feel very mighty all of a sudden. Something hits you!
You closely miss something. Something hits you.
* * * LOW HITPOINT WARNING * * *
It was a potion of brilliance.
You feel clever all of a sudden. Something hits you!
Ouch! That really hurt!
You die...

#########
#.......# ##
#.......# ..#
#.......# ...#
#.......#
....##.......#
#.......{..#
#....@†..#
##.......#
#.#######
#.########
#........#####
########.....#
#####.# #.###
#...#


There were no monsters in sight!

Vanquished Creatures
  2 dart slugs (D:1)
  2 ball pythons (D:1)
  A giant cockroach (D:1)
  A goblin (D:1)
  2 hobgoblins (D:1)
  2 jackals (D:1)
  2 frilled lizards
  A kobold (D:1)
  3 rats
16 creatures vanquished.

Notes
Turn   | Place    | Note
-------+----------+-------------------------------------------
     0 | D:1      | Dorkslayer the Octopode Fighter began the quest for the
                  | Orb.
     0 | D:1      | Reached XP level 1. HP: 16/16 MP: 1/1
    99 | D:1      | Found a faded altar of an unknown god.
   352 | D:1      | Reached XP level 2. HP: 19/21 MP: 2/2
   884 | D:2      | Noticed Terence
   892 | D:2      | Mangled by Terence

Illustrated notes

Levels and vault maps discovered:
D:1:      mrwooster_arrival_statue_3, layout_loops_ring,
          hellmonk_ecumenical_altar_run_dry, kennysheep_small_spiral
D:2:      layout_basic, uniq_natasha, uniq_terence

Action                   || total
-------------------------++-------
Melee: Long sword        ||    25
       Constrict         ||     6
       Tentacles         ||     5
       Punch             ||     2
  Use: Potion            ||     2
 Stab: Sleeping          ||     1
Dodge: Dodged            ||    13
Block: Buckler           ||     4

Table legend: (Time is in decaauts)
 A = Elapsed time spent in this place.
 B = Non-inter-level travel time spent in this place.
 C = Inter-level travel time spent in this place.
 D = Time resting spent in this place.
 E = Time spent auto-exploring this place.
 F = Levels seen in this place.
 G = Mean time per level.
                   A        B        C        D        E       F      G
               +--------+--------+--------+--------+--------+-----+--------+
         Total |    900 |    900 |      0 |      0 |    616 |   2 |  450.0 |
       Dungeon |    900 |    900 |      0 |      0 |    616 |   2 |  450.0 |
               +--------+--------+--------+--------+--------+-----+--------+

Top non-repeatable levels by time:
     D:1: 825 daAuts
     D:2: 75 daAuts
